 Dungeon Crawl Stone Soup version 0.20.1-1-g8b1a95d66d (webtiles) character file.

213 Gargoyl the Skirmisher (level 5, 0/46 HPs)
             Began as a Centaur Abyssal Knight on Dec 23, 2017.
             Was a Believer of Lugonu.
             Succumbed to an orc wizard's poison
             ... on level 3 of the Dungeon.
             The game lasted 00:04:32 (2602 turns).

Gargoyl the Skirmisher (Centaur Abyssal Knight)     Turns: 2602, Time: 00:04:32

Health: 0/46       AC: 11    Str: 14 (15) XL:     5   Next: 59%
Magic:  7/7        EV:  3    Int:  9 (11) God:    Lugonu [**....]
Gold:   180        SH:  2    Dex:  6 (9)  Spells: 4/4 levels left

rFire    . . .     SeeInvis .   a - +1 hand axe
rCold    . . .     Gourm    .   j - +0 buckler
rNeg     . . .     Faith    .   d - +0 chain mail
rPois    .         Spirit   .   e - +2 helmet
rElec    .         Reflect  .   (no cloak)
rCorr    .         Harm     .   (no gloves)
MR       .....                  (no barding)
Stlth    ..........             (no amulet)
Regen    0.2/turn               (no ring)
MPRegen  0.1/turn               (no ring)

@: lethally poisoned (0 -> -7), very quick
A: hooves 3, deformed body, speed 2, tough skin 3
a: Depart the Abyss, Bend Space, Renounce Religion


You were on level 3 of the Dungeon.
You worshipped Lugonu.
Lugonu was pleased with you.
You were not hungry.

You visited 1 branch of the dungeon, and saw 3 of its levels.
You visited the Abyss 1 time.

You collected 180 gold pieces.

Inventory:

Hand Weapons
 a - a +1 hand axe (weapon)
Armour
 d - a +0 chain mail (worn)
 e - a +2 helmet (worn)
 j - a +0 buckler (worn)
Scrolls
 b - 3 scrolls of identify
 h - a scroll of remove curse
Potions
 i - 2 potions of brilliance
 l - 2 potions of agility
 m - a potion of degeneration
Comestibles
 c - a bread ration
 f - a chunk of flesh
 g - a royal jelly
 k - 2 meat rations


   Skills:
 + Level 3.8 Fighting
 + Level 3.0 Axes
 * Level 3.0 Armour
 + Level 0.9 Dodging
 + Level 0.1 Shields
 * Level 2.8 Invocations


You had 4 spell levels left.
You didn't know any spells.

Dungeon Overview and Level Annotations

Branches:
Dungeon (3/15)

Altars:
Trog
Zin


Innate Abilities, Weirdness & Mutations

You have hooves in place of feet.
Armour fits poorly on your strangely shaped body.
You cover ground very quickly.
You have extremely tough skin. (AC +3)


Message History

You feel sick.
Okay, then.
Okay, then.
* * * LOW HITPOINT WARNING * * *
You feel sick.
* * * LOW HITPOINT WARNING * * *
You feel sick.
* * * LOW HITPOINT WARNING * * *
You feel sick.
* * * LOW HITPOINT WARNING * * *
You feel sick.
You enter a teleport trap!
The teleport trap disappears.
Your surroundings suddenly seem different.
* * * LOW HITPOINT WARNING * * *
You feel sick.
* * * LOW HITPOINT WARNING * * *
You feel sick.
* * * LOW HITPOINT WARNING * * *
You feel sick.
You die...

#####...### #...........# #.....
...# #...........# #....# #.###
#...........# ####....#####...#
#...........+
................###...........#
#..).........#.............#
#..))).......#.....##..#+###
#######....####.#...(.##....#
.......)...#....@.....##.##.#####
...........'..........+.....#....
.........###..........###.#.#.###
.........# #............#<....# #
.........# #.......####.#.....###
.......[.# #.......# .#........
.........###.......# #.#>#.###
.....##............# #.#.#.# #
####.##..##.######## #.#.#.# #


There were no monsters in sight!

Vanquished Creatures
  2 orc wizards (D:3)
  Terence (D:2)
  3 adders
  3 oozes
  3 worms
  A dart slug (D:1)
  2 leopard geckos
  8 orcs (D:3)
  4 giant cockroaches
  10 goblins
  7 hobgoblins
  5 jackals
  A quokka (D:2)
  3 ball pythons (D:2)
  5 bats
  3 frilled lizards
  6 kobolds
  3 rats
70 creatures vanquished.

Notes
Turn   | Place    | Note
-------+----------+-------------------------------------------
     0 | Abyss:1  | Gargoyl the Centaur Abyssal Knight began the quest for the Orb.
     0 | Abyss:1  | Reached XP level 1. HP: 19/19 MP: 2/2
     8 | Abyss:1  | Found a shattered altar of Ashenzari.
    23 | Abyss:2  | Found a corrupted altar of Lugonu.
    51 | Abyss:2  | Noticed a large abomination
    57 | Abyss:2  | Found a corrupted altar of Lugonu.
    57 | Abyss:2  | Noticed a raiju
    57 | Abyss:2  | Noticed a raiju
    58 | Abyss:2  | Noticed a raiju
    60 | Abyss:2  | Noticed a raiju
    60 | D:1      | Escaped the Abyss
   412 | D:1      | Reached * piety under Lugonu
   412 | D:1      | Reached XP level 2. HP: 19/26 MP: 3/3
   921 | D:1      | Reached XP level 3. HP: 31/31 MP: 4/4
  1196 | D:2      | Noticed Terence
  1205 | D:2      | Killed Terence
  1297 | D:2      | Found a glowing silver altar of Zin.
  1342 | D:2      | Reached XP level 4. HP: 39/39 MP: 5/5
  1484 | D:2      | Found a bloodstained altar of Trog.
  1597 | D:2      | Reached ** piety under Lugonu
  2218 | D:3      | Reached XP level 5. HP: 24/45 MP: 5/7
  2598 | D:3      | HP: 2/46 [poisoned by an orc wizard]
  2602 | D:3      | Succumbed to an orc wizard's poison

Skill      XL: |  1  2  3  4  5 |
---------------+----------------+-----
Axes           | 2 3 |  3.0
Armour         | 2 3 |  3.0
Fighting       | |  3.8
Dodging        | |  0.9
Shields        | |  0.1
Invocations    | |  2.8

Action                   |  1- 3 |  4- 6 || total
-------------------------+-------+-------++-------
Melee: Hand axe          |    81 |   129 ||   210
       Kick              |    13 |    27 ||    40
Invok: Depart the Abyss  |     1 |       ||     1
  Use: Scroll            |     4 |     2 ||     6
       Potion            |       |     1 ||     1
  Eat: Chunk             |       |     4 ||     4
Armor: Chain mail        |    96 |   121 ||   217
Dodge: Dodged            |    29 |    21 ||    50
Block: Buckler           |       |     9 ||     9
